 Dungeon Crawl Stone Soup version 0.31.0-11-ge490571c62 (webtiles) character file.

Game seed: 12943785944216302035

13687 qw the Markself (level 11, -1/66 HPs)
             Began as a Deep Elf Hunter on Feb 4, 2024.
             Was a High Priest of Okawaru.
             Slain by an elephant (9 damage)
             ... on level 2 of the Lair of Beasts.
             The game lasted 00:00:48 (9546 turns).

qw the Markself (Deep Elf Hunter)                   Turns: 9546, Time: 00:00:48

Health: -1/66      AC:  8    Str: 12    XL:     11   Next: 78%
Magic:  17/20      EV: 18    Int: 15    God:    Okawaru [*****.]
Gold:   792        SH:  0    Dex: 18    Spells: 10/10 levels left

rFire   + + .        b - +4 orcbow (heavy)
rCold   + . .        (shield currently unavailable)
rNeg    . . .        u - +1 robe {rC+ rF+}
rPois   +            p - +0 helmet
rElec   .            q - +0 cloak
rCorr   +            j - +2 pair of gloves of Pandemonium {rPois SInv}
SInv    +            (no boots)
Will    +....        n - amulet of faith
Stlth   ++           i - ring of resist corrosion
HPRegen 0.31/turn    m - ring of protection from fire
MPRegen 0.17/turn

%: faith
@: about to teleport, finesse-ful
A: no striking features
a: Renounce Religion, Heroism, Finesse, Duel


You were on level 2 of the Lair of Beasts.
You worshipped Okawaru.
Okawaru was extremely pleased with you.
You visited 3 branches of the dungeon, and saw 11 of its levels.
You also visited: Ossuary.

You collected 792 gold pieces.


   Skills:
 + Level 6.9 Fighting
 - Level 16.0 Ranged Weapons
 - Level 3.0 Armour
 - Level 10.0 Dodging
 - Level 1.2 Stealth
 - Level 10.0 Invocations


You had 10 spell levels left.
You didn't know any spells.
Your spell library was empty.

Inventory:

Hand Weapons
 b - a +4 heavy orcbow (weapon)
Armour
 g - a +0 ring mail
 j - the +2 pair of gloves of Pandemonium (worn) {rPois SInv}
   (You found it on level 3 of the Dungeon)

   rPois:     It protects you from poison SInv: It lets you see invisible.
 p - a +0 helmet (worn)
 q - a +0 cloak (worn)
 t - a +2 leather armour of poison resistance
 u - a +1 robe of resistance (worn)
Jewellery
 h - a ring of poison resistance
 i - a ring of resist corrosion (left hand)
 m - a ring of protection from fire (right hand)
 n - an amulet of faith (around neck)
 r - an amulet of the acrobat
Wands
 a - a wand of polymorph (8)
 l - a wand of iceblast (9)
 o - a wand of quicksilver (5)
 w - a wand of digging (4)
Scrolls
 c - 6 scrolls of teleportation
Potions
 d - a potion of mutation
 e - 2 potions of might
 f - 4 potions of curing
 k - a potion of cancellation
 s - a potion of enlightenment
 v - a potion of resistance

Dungeon Overview and Level Annotations

Branches:
Dungeon (8/15)             Temple (1/1) D:4            Lair (2/5) D:8
Ossuary (visited)
  Swamp: Lair:2-3    Shoals: Lair:2-3     Snake: Lair:2-3    Spider: Lair:2-3

Altars:
Ashenzari
Cheibriados
Dithmenos
Elyvilon
Fedhas
Gozag
Hepliaklqana
Makhleb
Nemelex Xobeh
Okawaru
Qazlal
Ru
Sif Muna
Trog
Uskayaw
Vehumet
Wu Jian
Xom
Yredelemnul
Zin
The Shining One

Annotations:
D:4 1 runed translucent door, qw's ghost, amateur SpHu


Message History

You shoot an arrow.
The arrow hits the elephant but does no damage.
The bullfrog barely misses you.
You shoot an arrow. The arrow hits the elephant!!
The elephant is moderately wounded.
The elephant barely misses you. The elephant closely misses you. x2
The elephant trunk-slaps you but does no damage.
You shoot an arrow. The arrow hits the elephant!!
The elephant is severely wounded.
You shoot an arrow. The arrow hits the elephant.
The elephant is severely wounded.
The elephant barely misses you. The elephant closely misses you.
The elephant tramples you but does no damage.
The elephant trunk-slaps you but does no damage.
You shoot an arrow. The arrow hits the elephant!!
You kill the elephant!
Okawaru accepts your kill.
You shoot an arrow. The arrow barely misses the elephant.
The elephant barely misses you. x2; The elephant completely misses you.
The elephant trunk-slaps you.
You shoot an arrow.
The arrow completely misses the elephant.
You shoot an arrow. The arrow hits the elephant!
The elephant is moderately wounded.
The elephant misses you. x2; The elephant closely misses you.
The elephant trunk-slaps you but does no damage.
The water moccasin bites you!
9544 ||| READING 7 scrolls of teleportation.
As you read the scroll of teleportation, it crumbles to dust.
You feel strangely unstable. The water moccasin bites you.
The elephant tramples you.
You hold your ground!
The elephant trunk-slaps you but does no damage.
The elephant misses you. The elephant closely misses you.
You shoot an arrow. The arrow hits the elephant.
The elephant is moderately wounded.
The water moccasin misses you.
You shoot an arrow. The arrow hits the elephant!!
The elephant is heavily wounded.
The elephant tramples you!
You die...

....................
....................
...##P..P#.#...##.#
%####....###..## .P#
##...# #..# .## #....#
#..# .## #...####..#
..####....#...#### ## .
.#.###...P....P.@##.##....
...............YSY........
................F.........
##.........#...####..####.
#..<.....###### ..P#
#........# ...#
#.........# ..##
#.........P .Y#
........... ...


You could see 2 elephants, a water moccasin and a bullfrog.

Vanquished Creatures
  3 death yaks (D:8)
  Pikel (D:8)
  4 elephants (Lair:2)
  4 black mambas
  A komodo dragon (Lair:2)
  Psyche (D:8)
  A polar bear (D:8)
  Grinder (D:4)
  3 wyverns
  20 yaks
  A basilisk (Lair:1)
  An unseen horror simulacrum (D:8)
  8 water moccasins
  An ice beast (D:7)
  4 black bears
  2 sky beasts
  2 ogres
  A centaur (D:7)
  A kobold brigand (D:6)
  2 lemures (D:8)
  5 bullfrogs
  7 scorpions
  4 wights
  17 killer bees
  An electric eel (D:8)
  A bombardier beetle (D:5)
  4 jellies
  3 orc priests (D:8)
  A gnoll bouda (Lair:1)
  3 hounds
  A sleepcap (D:7)
  8 iguanas
  3 orc wizards
  9 mummies
  4 gnolls
  11 adders
  4 white imps
  4 ufetubi
  2 ribbon worms
  13 orcs
  8 ball pythons
  6 endoplasms
  2 giant cockroaches
  8 goblins
  8 hobgoblins
  7 jackals
  9 quokkas
  6 bats
  6 frilled lizards
  A gnoll zombie (Ossuary)
  9 kobolds
  2 kobold zombies
  7 orc zombies
  5 rats
251 creatures vanquished.

Notes
Turn   | Place    | Note
-------+----------+-------------------------------------------
     0 | D:1      | qw the Deep Elf Hunter began the quest for the Orb.
     0 | D:1      | Reached XP level 1. HP: 12/12 MP: 3/3
     0 | D:1      | 0 ||| qw: Version: 0.3-a-160-g6735b56
     0 | D:1      | 0 ||| qw: Game counter: 5055
     0 | D:1      | 0 ||| qw: Melee chars always use a shield: true
     0 | D:1      | 0 ||| qw: God list: Okawaru
     0 | D:1      | 0 ||| qw: Allow faded altars: false
     0 | D:1      | 0 ||| qw: Do Orc after clearing Dungeon:15 true
     0 | D:1      | 0 ||| qw: Do second Lair branch before Depths: true
     0 | D:1      | 0 ||| qw: Lair rune preference: random
     0 | D:1      | 0 ||| qw: Goals: Normal
     0 | D:1      | 0 ||| PLANNING D:1-11
    61 | D:1      | Reached XP level 2. HP: 16/16 MP: 4/4
    73 | D:1      | Reached skill level 6 in Ranged Weapons
   210 | D:1      | HP: 3/16 [kobold/+0 whip (4)]
   528 | D:1      | Found a faded altar of an unknown god.
   657 | D:1      | Reached XP level 3. HP: 11/20 MP: 5/5
   800 | D:1      | 800 ||| UPGRADING to +0 ring mail.
   810 | D:1      | 810 ||| DROPPING +0 leather armour.
   811 | D:1      | 811 ||| DRINKING 2 fizzy inky potions.
   812 | D:1      | 812 ||| DROPPING scroll of butterflies.
   858 | D:2      | Reached skill level 7 in Ranged Weapons
  1310 | D:2      | You fall into a shaft and drop 1 floor!
  1439 | D:3      | HP: 5/20 [ribbon worm (2)]
  1441 | D:3      | Reached XP level 4. HP: 7/25 MP: 6/6
  1856 | D:3      | 1856 ||| UPGRADING to ring of resist corrosion.
  1857 | D:3      | 1857 ||| READING 2 scrolls labelled VESSUI VUGIGI.
  1862 | D:3      | 1862 ||| READING scroll labelled OTTODE BOSISILO.
  1863 | D:3      | 1863 ||| READING scroll labelled ERPHOI QEAPA.
  1863 | D:3      | 1863 ||| ENCHANTING +0 shortbow.
  1864 | D:3      | 1864 ||| READING scroll labelled XOACUIS AD TOG.
  1865 | D:3      | 1865 ||| READING 2 scrolls labelled LYFFAF PEIPHEUHONI.
  1865 | D:3      | 1865 ||| IDENTIFYING smoky dark potion
  1866 | D:3      | 1866 ||| READING scroll of identify.
  1866 | D:3      | 1866 ||| IDENTIFYING grey potion
  1867 | D:3      | 1867 ||| READING scroll labelled PIOBIPHY JAV ZOPP.
  1912 | D:3      | 1912 ||| DRINKING 2 metallic ruby potions.
  1936 | D:3      | 1936 ||| DRINKING 2 smoky green potions.
  1937 | D:3      | 1937 ||| DRINKING 2 fuming pink potions.
  1938 | D:3      | 1938 ||| DROPPING potion of lignification.
  2179 | D:2      | Reached skill level 8 in Ranged Weapons
  2259 | D:2      | 2259 ||| DROPPING +3 leather armour.
  2739 | D:3      | Identified the +2 pair of gloves of Pandemonium {rPois
                  | SInv}
  2954 | D:3      | 2954 ||| UPGRADING to +2 pair of gloves of Pandemonium
                  | {rPois SInv}.
  2959 | D:3      | 2959 ||| READING scroll labelled GAKHEEFEEG.
  2959 | D:3      | Identified a scroll of acquirement
  2959 | D:3      | 2959 ||| ACQUIRING +4 heavy orcbow
  2959 | D:3      | Acquired a +4 heavy orcbow
  2961 | D:3      | 2961 ||| SWAPPING to +4 heavy orcbow.
  2962 | D:3      | 2962 ||| DROPPING +1 shortbow.
  3073 | D:4      | Reached XP level 5. HP: 29/29 MP: 7/7
  3097 | D:4      | Reached skill level 9 in Ranged Weapons
  3188 | D:4      | Noticed an ogre
  3189 | D:4      | 3189 ||| DRINKING 2 potions of haste.
  3192 | D:4      | Killed an ogre
  3193 | D:4      | Reached XP level 6. HP: 36/36 MP: 8/8
  3346 | D:4      | Reached skill level 10 in Ranged Weapons
  3431 | D:4      | 3431 ||| DRINKING 2 fizzy grey potions.
  3432 | D:4      | 3432 ||| FLEEEEING.
  3433 | D:4      | 3433 ||| FLEEEEING.
  3434 | D:4      | 3434 ||| FLEEEEING.
  3435 | D:4      | 3435 ||| FLEEEEING.
  3436 | D:4      | 3436 ||| FLEEEEING.
  3437 | D:4      | 3437 ||| FLEEEEING.
  3438 | D:4      | 3438 ||| FLEEEEING.
  3439 | D:4      | 3439 ||| FLEEEEING.
  3440 | D:4      | 3440 ||| FLEEEEING.
  3441 | D:4      | 3441 ||| FLEEEEING.
  3442 | D:4      | 3442 ||| FLEEEEING.
  3443 | D:4      | 3443 ||| FLEEEEING.
  3444 | D:4      | 3444 ||| FLEEEEING.
  3445 | D:4      | 3445 ||| FLEEEEING.
  3446 | D:4      | 3446 ||| FLEEEEING.
  3447 | D:4      | 3447 ||| FLEEEEING.
  3448 | D:4      | 3448 ||| FLEEEEING.
  3449 | D:4      | 3449 ||| FLEEEEING.
  3450 | D:4      | 3450 ||| FLEEEEING.
  3451 | D:4      | 3451 ||| FLEEEEING.
  3452 | D:4      | 3452 ||| FLEEEEING.
  3453 | D:4      | 3453 ||| FLEEEEING.
  3454 | D:4      | 3454 ||| FLEEEEING.
  3455 | D:4      | 3455 ||| FLEEEEING.
  3456 | D:4      | 3456 ||| FLEEEEING.
  3457 | D:4      | 3457 ||| FLEEEEING.
  3458 | D:4      | 3458 ||| FLEEEEING.
  3459 | D:4      | 3459 ||| FLEEEEING.
  3460 | D:4      | 3460 ||| FLEEEEING.
  3461 | D:4      | 3461 ||| FLEEEEING.
  3462 | D:4      | 3462 ||| STAIRDANCE
  3464 | D:3      | 3464 ||| FLEEEEING.
  3465 | D:3      | 3465 ||| FLEEEEING.
  3466 | D:3      | 3466 ||| FLEEEEING.
  3467 | D:3      | 3467 ||| FLEEEEING.
  3468 | D:3      | 3468 ||| FLEEEEING.
  3469 | D:3      | 3469 ||| FLEEEEING.
  3470 | D:3      | 3470 ||| FLEEEEING.
  3471 | D:3      | 3471 ||| FLEEEEING.
  3472 | D:3      | 3472 ||| FLEEEEING.
  3473 | D:3      | 3473 ||| FLEEEEING.
  3474 | D:3      | 3474 ||| DROPPING potion of berserk rage.
  3568 | D:4      | Found a staircase to the Ecumenical Temple.
  3569 | D:4      | 3569 ||| PLANNING TEMPLE
  3577 | Temple   | Entered the Ecumenical Temple
  3578 | Temple   | 3578 ||| PLANNING OKAWARU WORSHIP
  3629 | Temple   | Became a worshipper of Warmaster Okawaru
  3630 | Temple   | 3630 ||| PLANNING D:1-11
  3744 | D:4      | Noticed Grinder
  3746 | D:4      | Reached skill level 3 in Dodging
  3746 | D:4      | 3746 ||| DRINKING potion of haste.
  3753 | D:4      | 3753 ||| FLEEEEING.
  3754 | D:4      | 3754 ||| FLEEEEING.
  3755 | D:4      | 3755 ||| FLEEEEING.
  3756 | D:4      | 3756 ||| FLEEEEING.
  3757 | D:4      | 3757 ||| FLEEEEING.
  3758 | D:4      | 3758 ||| FLEEEEING.
  3762 | D:4      | Killed Grinder
  3763 | D:4      | Reached XP level 7. HP: 37/40 MP: 9/9
  3796 | D:4      | Found a runed translucent door.
  3805 | D:4      | Noticed qw's ghost (amateur SpHu)
  4012 | D:4      | 4012 ||| FLEEEEING.
  4013 | D:4      | 4013 ||| FLEEEEING.
  4014 | D:4      | 4014 ||| FLEEEEING.
  4015 | D:4      | 4015 ||| FLEEEEING.
  4017 | D:4      | 4017 ||| FLEEEEING.
  4018 | D:4      | 4018 ||| FLEEEEING.
  4106 | D:4      | Reached * piety under Okawaru
  4107 | D:4      | Reached skill level 11 in Ranged Weapons
  4177 | D:4      | 4177 ||| READING scroll labelled OPIMIEXTEU.
  4184 | D:5      | Entered Level 5 of the Dungeon
  4187 | D:5      | Reached skill level 1 in Invocations
  4347 | D:5      | Identified the staff of Wotryeca {^Contam rPois Dex+6 Conj
                  | Air Alchemy}
  4361 | D:5      | Reached XP level 8. HP: 45/45 MP: 11/11
  4647 | D:5      | Reached skill level 3 in Invocations
  4965 | D:5      | 4965 ||| UPGRADING to ring of protection from fire.
  4966 | D:5      | 4966 ||| READING scroll of identify.
  4966 | D:5      | 4966 ||| IDENTIFYING amethyst potion
  4967 | D:5      | 4967 ||| READING scroll labelled TYRAH FITYOSK.
  4968 | D:5      | 4968 ||| READING scroll labelled KEKKET XAESA.
  5069 | D:5      | 5069 ||| DRINKING 2 glowing red potions.
  5070 | D:5      | 5070 ||| DROPPING potion of degeneration.
  5106 | D:6      | 5106 ||| PLANNING OSSUARY
  5118 | D:6      | Reached skill level 12 in Ranged Weapons
  5167 | D:6      | Reached ** piety under Okawaru
  5168 | D:6      | Reached skill level 3 in Fighting
  5522 | D:6      | Reached skill level 13 in Ranged Weapons
  5682 | D:6      | Reached XP level 9. HP: 50/50 MP: 14/14
  5691 | D:6      | Found a sand-covered staircase.
  5693 | D:6      | 5693 ||| UPGRADING to +0 helmet.
  5701 | Ossuary  | Entered an ossuary
  5836 | Ossuary  | 5836 ||| READING 3 scrolls of identify.
  5836 | Ossuary  | 5836 ||| IDENTIFYING murky purple potion
  5837 | Ossuary  | 5837 ||| READING 2 scrolls of identify.
  5837 | Ossuary  | 5837 ||| IDENTIFYING coppery potion
  5838 | Ossuary  | 5838 ||| READING scroll of identify.
  5838 | Ossuary  | 5838 ||| IDENTIFYING fizzy black potion
  5839 | Ossuary  | 5839 ||| READING scroll labelled JAID LEOGO.
  5840 | Ossuary  | 5840 ||| DROPPING potion of attraction.
  5841 | Ossuary  | 5841 ||| DROPPING potion of brilliance.
  5865 | D:6      | 5865 ||| PLANNING D:1-11
  6116 | D:7      | 6116 ||| STAIRDANCE
  6146 | D:7      | 6146 ||| STAIRDANCE
  6231 | D:7      | 6231 ||| STAIRDANCE
  6242 | D:7      | Reached skill level 14 in Ranged Weapons
  6286 | D:7      | Reached *** piety under Okawaru
  6957 | D:7      | 6957 ||| INVOKING Heroism.
  6986 | D:7      | Reached skill level 15 in Ranged Weapons
  6993 | D:7      | Found an opulent altar of Gozag.
  6994 | D:7      | Found a stormy altar of Qazlal.
  7021 | D:7      | Found a snail-covered altar of Cheibriados.
  7157 | D:7      | 7157 ||| UPGRADING to +0 cloak.
  7162 | D:7      | 7162 ||| READING scroll of identify.
  7162 | D:7      | 7162 ||| IDENTIFYING clear potion
  7163 | D:7      | 7163 ||| DROPPING potion of invisibility.
  7189 | D:8      | Noticed a polar bear
  7190 | D:8      | 7190 ||| INVOKING Heroism.
  7194 | D:8      | Killed a polar bear
  7264 | D:8      | Noticed Pikel
  7265 | D:8      | 7265 ||| RETREEEEATING.
  7267 | D:8      | 7267 ||| RETREEEEATING.
  7271 | D:8      | 7271 ||| ZAPPING wand of quicksilver (9) at 0,2 (Pikel;
                  | floor).
  7272 | D:8      | 7272 ||| ZAPPING wand of quicksilver (8) at 0,2 (Pikel;
                  | floor).
  7273 | D:8      | 7273 ||| ZAPPING wand of quicksilver (7) at 0,2 (Pikel;
                  | floor).
  7274 | D:8      | 7274 ||| INVOKING Heroism.
  7275 | D:8      | Killed Pikel
  7275 | D:8      | Reached **** piety under Okawaru
  7330 | D:8      | Reached XP level 10. HP: 27/59 MP: 15/15
  7474 | D:8      | Noticed Psyche
  7478 | D:8      | Killed Psyche
  7529 | D:8      | Noticed a death yak
  7530 | D:8      | 7530 ||| INVOKING Finesse.
  7532 | D:8      | 7532 ||| DRINKING 5 potions of curing.
  7532 | D:8      | 7532 ||| (to cure confusion)
  7535 | D:8      | Noticed a death yak
  7535 | D:8      | Noticed a death yak
  7536 | D:8      | 7536 ||| RETREEEEATING.
  7537 | D:8      | 7537 ||| RETREEEEATING.
  7544 | D:8      | Killed a death yak
  7552 | D:8      | Killed a death yak
  7553 | D:8      | Reached skill level 16 in Ranged Weapons
  7553 | D:8      | Reached skill level 6 in Invocations
  7560 | D:8      | Killed a death yak
  7561 | D:8      | Reached skill level 6 in Dodging
  7634 | D:8      | Found a staircase to the Lair.
  7753 | D:8      | HP: 3/59 [unseen horror simulacrum (18)]
  7754 | D:8      | 7754 ||| READING 6 scrolls of teleportation.
  7755 | D:8      | 7755 ||| DRINKING 3 potions of heal wounds.
  7757 | D:8      | 7757 ||| DRINKING 2 potions of heal wounds.
  7760 | D:8      | Reached ***** piety under Okawaru
  8140 | D:8      | 8140 ||| RETREEEEATING.
  8148 | D:8      | Reached skill level 3 in Armour
  8278 | D:8      | 8278 ||| PLANNING LAIR
  8278 | D:8      | 8278 ||| UPGRADING to +1 robe of resistance.
  8337 | Lair:1   | Entered Level 1 of the Lair of Beasts
  8338 | Lair:1   | 8338 ||| STAIRDANCE
  8437 | Lair:1   | 8437 ||| RETREEEEATING.
  8439 | Lair:1   | 8439 ||| RETREEEEATING.
  8441 | Lair:1   | 8441 ||| RETREEEEATING.
  8445 | Lair:1   | 8445 ||| RETREEEEATING.
  8447 | Lair:1   | 8447 ||| RETREEEEATING.
  8454 | Lair:1   | HP: 11/59 [yak (10)]
  8455 | Lair:1   | 8455 ||| READING 5 scrolls of teleportation.
  8456 | Lair:1   | 8456 ||| DRINKING potion of heal wounds.
  8458 | Lair:1   | 8458 ||| RETREEEEATING.
  8459 | Lair:1   | 8459 ||| RETREEEEATING.
  8460 | Lair:1   | 8460 ||| RETREEEEATING.
  8465 | Lair:1   | 8465 ||| INVOKING Finesse.
  8465 | Lair:1   | Noticed a black mamba
  8467 | Lair:1   | Noticed a black mamba
  8475 | Lair:1   | Reached XP level 11. HP: 25/63 MP: 13/19
  8490 | Lair:1   | Reached skill level 9 in Invocations
  8744 | Lair:1   | Reached skill level 9 in Dodging
  8746 | Lair:1   | Received a gift from Okawaru
  8784 | Lair:1   | 8784 ||| RETREEEEATING.
  8797 | Lair:1   | 8797 ||| RETREEEEATING.
  8798 | Lair:1   | 8798 ||| RETREEEEATING.
  8799 | Lair:1   | 8799 ||| RETREEEEATING.
  8800 | Lair:1   | 8800 ||| RETREEEEATING.
  8801 | Lair:1   | 8801 ||| RETREEEEATING.
  8802 | Lair:1   | 8802 ||| RETREEEEATING.
  8803 | Lair:1   | 8803 ||| RETREEEEATING.
  8804 | Lair:1   | 8804 ||| RETREEEEATING.
  8805 | Lair:1   | 8805 ||| RETREEEEATING.
  8806 | Lair:1   | 8806 ||| INVOKING Finesse.
  8807 | Lair:1   | 8807 ||| INVOKING Heroism.
  8808 | Lair:1   | 8808 ||| RETREEEEATING.
  8809 | Lair:1   | 8809 ||| RETREEEEATING.
  8810 | Lair:1   | 8810 ||| RETREEEEATING.
  8811 | Lair:1   | 8811 ||| ZAPPING wand of quicksilver (6) at 0,-2 (black
                  | bear; floor).
  8929 | Lair:1   | Identified the +8 trident of the Hierophant {heavy, rN+
                  | Int+2}
  9043 | Lair:1   | Reached skill level 6 in Fighting
  9438 | Lair:1   | 9438 ||| UPGRADING to amulet of faith.
  9443 | Lair:1   | 9443 ||| READING scroll of identify.
  9443 | Lair:1   | 9443 ||| IDENTIFYING smoky purple potion
  9521 | Lair:2   | 9521 ||| RETREEEEATING.
  9525 | Lair:2   | 9525 ||| RETREEEEATING.
  9526 | Lair:2   | 9526 ||| INVOKING Finesse.
  9543 | Lair:2   | HP: 15/66 [water moccasin (7)]
  9544 | Lair:2   | 9544 ||| READING 7 scrolls of teleportation.
  9544 | Lair:2   | HP: 7/66 [elephant (3)]
  9546 | Lair:2   | Slain by an elephant

Levels and vault maps discovered:
D:1:      minmay_arrival_radiant_lines, layout_loops_ring,
          chequers_ecumenical_altar_lobes
D:2:      layout_loops_corners, grunt_ministairs_4
D:3:      minmay_thinvault, layout_basic, chequers_garden,
          chequers_decorated_corner, minivault_25
D:4:      layout_basic, minmay_temple_entry_overgrown, ebering_ghost_sewer_d,
          hangedman_abyss_or_decor_stabs, kennysheep_generic_room_14,
          uniq_grinder
D:5:      layout_basic
D:6:      layout_basic, nicolae_ossuary_entry_giza
D:7:      layout_loops_corners, gammafunk_temple_overflow_forgotten,
          minmay_manual_maat
D:8:      nicolae_cairo_tiling_large_dashed, layout_loops_ring,
          dpeg_lair_monsters, serial_ice, serial_ice_m, serial_ice_g,
          serial_ice_k, serial_ice_h, uniq_pikel, uniq_psyche
Temple:   dpeg_five_rooms_temple
Lair:1:   layout_loops_ring, dreamdust_gnoll_shepherd, lemuel_fruit_fields,
          infiniplex_staircase_pool
Lair:2:   layout_small_grid, swamp_mist_pool,
          hellmonk_spider_entry_life_and_decay, beast_lair_carwin_10

Skill      XL: |  1  2  3  4  5  6  7  8  9 10 11 |
---------------+----------------------------------+-----
Ranged Weapons | 6 7 8 9 10 11 13 15 16 | 16.0
Fighting       | 2 3 5 6 |  6.9
Dodging        | 3 4 5 7 10 | 10.0
Armour         | 2 3 |  3.0
Invocations    | 1 4 8 10 | 10.0
Stealth        | |  1.2

Action                     |  1- 3 |  4- 6 |  7- 9 | 10-12 || total
---------------------------+-------+-------+-------+-------++-------
   Fire: Shortbow          |   127 |    54 |       |       ||   181
         Orcbow            |       |    40 |   223 |   260 ||   523
 Invoke: Heroism           |       |       |     3 |     1 ||     4
         Finesse           |       |       |       |     4 ||     4
  Evoke: Wand              |       |       |     3 |     1 ||     4
    Use: Potion            |     1 |     6 |     1 |     4 ||    12
         Scroll            |       |     8 |     9 |     4 ||    21
 Armour: Leather armour    |    34 |       |       |       ||    34
         Ring mail         |    16 |    17 |    72 |    38 ||   143
         Robe              |       |       |       |    79 ||    79
  Dodge: Dodged            |    53 |    15 |    77 |   165 ||   310

Table legend:
 A = Non-vault XP
 B = Vault XP
 C = Vault XP percentage of total XP
 D = Non-vault monster count
 E = Vault monster count
 F = Vault count percentage of total count
                 A         B        C        D         E       F
            +---------+---------+-------+---------+---------+-------
      Total |   13814 |    5740 |  29.4 |     189 |      60 |  24.1
            +---------+---------+-------+---------+---------+-------
        D:1 |      44 |       0 |   0.0 |      24 |       0 |   0.0
        D:2 |      34 |      16 |  32.0 |      15 |       2 |  11.8
        D:3 |      54 |      37 |  40.7 |      13 |      14 |  51.9
        D:4 |     781 |     267 |  25.5 |      23 |       3 |  11.5
        D:5 |     650 |       0 |   0.0 |      17 |       0 |   0.0
        D:6 |    1223 |      20 |   1.6 |      21 |       3 |  12.5
        D:7 |     906 |      88 |   8.9 |      13 |       1 |   7.1
        D:8 |    1488 |    4302 |  74.3 |      28 |      16 |  36.4
     Lair:1 |    5831 |     860 |  12.9 |      28 |       5 |  15.2
     Lair:2 |    2803 |       0 |   0.0 |       7 |       0 |   0.0
    Ossuary |       0 |     150 | 100.0 |       0 |      16 | 100.0
            +---------+---------+-------+---------+---------+-------
